oo, chaotic female human Rogue ------ |.... |....| |....| -------- |...<.# + +..^...| |....|#################### |....)[| ----+- ### #-....{.| # |...)..| # ----.--- # ##[##### # ### # # ## # ### ### ## # # -+----.-.--+-## -.----.-- |............#I |........ ............|+%#)##[)[......| |...........|# |.......| |............# --------- ------------- oo the Rogue Experience level: 6 Strength: 17 Dexterity: 15 Constitution: 12 Intelligence: 11 Wisdom: 10 Charisma: 10 Health: 0(45) Energy: 34(34) Def: 0 Gold: 653 Moves: 2558 Dungeon seed: 7_tvOnY7aynUFMLV Game ID: oo_1528626538 Your Inventory: Coins $ - 653 gold pieces Weapons a - a rusty +0 short sword (weapon in hand) b - 9 +0 daggers (in quiver) j - 2 +0 orcish daggers B - a +0 dagger D - a +0 long sword Armor e - a cursed -1 orcish helm r - an uncursed +0 scale mail E - an uncursed +0 pair of leather gloves N - an uncursed +1 pair of iron shoes Comestibles F - an uncursed food ration Scrolls n - 3 uncursed scrolls of enchant weapon u - an uncursed scroll of enchant weapon y - a cursed scroll of charging G - an uncursed scroll of blank paper Potions c - an uncursed potion of sickness m - an uncursed potion of water J - a cursed potion of extra healing Wands i - a wand of striking (0:6) C - a wand of light (0:13) Tools d - an uncursed lock pick f - an uncursed sack z - an uncursed oil lamp (lit) (0:1179) A - an uncursed partly used tallow candle (0:36) H - an uncursed wax candle (0:400) I - 6 uncursed tallow candles (0:200) Gems q - an uncursed worthless piece of orange glass Y - an uncursed worthless piece of yellow glass Spells and supernatural/magical abilities: Name Level Category Fail Memory n - detect monsters 1 divination 44% 93% H - haste self 3 escape 100% 89% W - pray for help -- divine ? -- Your skills at the end: Fighting Skills Weapon Skills dagger [Basic] short sword [Basic] Spellcasting Skills Final Attributes: You were piously aligned. You were blinded. You were stealthy. You are dead. Vanquished creatures: a dog a dingo 8 Uruk-hai a rock mole a pony a fog cloud a shrieker a gnome lord a gnomish wizard a paper golem a kitten a dwarf a coyote a gas spore a giant rat a yellow mold 6 gnomes a gecko 5 jackals a fox 3 goblins a grid bug a lichen a kobold zombie 6 newts 48 creatures vanquished. Voluntary challenges: You had been an atheist until turn 1977. You used a wielded weapon 36 times, starting on turn 75. You read items or engraved 19 times, starting on turn 169. You never genocided any monsters. You never polymorphed an object. You never changed form. You used no wishes. You never split a pudding. You wrote Elbereth's name 3 times, starting on turn 196. You never violated your personal moral code. Dungeon overview: The Dungeons of Doom: levels 1 to 6 Level 1 a long staircase Level 2 a scroll shop, a sink Level 3 some fountains Level 4 stairs to The Gnomish Mines Level 5 Level 6 <- You were here a fountain The Gnomish Mines: Level 5 stairs to The Dungeons of Doom History has recorded: On T:1 you entered the Dungeons of Doom to retrieve the Amulet of Yendor! On T:446 you reached level 2 of The Dungeons of Doom. On T:559 you advanced to experience level 2. On T:1186 you reached level 3 of The Dungeons of Doom. On T:1360 you advanced to experience level 3. On T:1515 you reached level 4 of The Dungeons of Doom. On T:1556 you reached level 1 of The Gnomish Mines. On T:1599 you advanced to experience level 4. On T:1759 you reached level 5 of The Dungeons of Doom. On T:2269 you reached level 6 of The Dungeons of Doom. On T:2409 you advanced to experience level 5. On T:2535 you advanced to experience level 6. Score breakdown: Gold: 653 ( 9577 points) Experience: 6 levels (12456 points) Exploration: 6 levels ( 11.76%) ( 9486 points) Discoveries: 6 items ( 2.01%) ( 4256 points) Valuables value: (no points given unless you survive) Artifact value: 0 ( 0 points) Variety of kills: 25 monsters ( 6.56%) ( 7684 points) Turncount: 2558 turns ( -364 points) Survival: died (score multiplied by 80%) Total score: 34476 Latest messages: b - 3 +0 daggers (in quiver). There are a few objects here. You throw 2 daggers. The 1st dagger misses the raven. The 2nd dagger hits the raven. There are a few objects here. You throw 2 daggers. The 1st dagger misses the raven. The 2nd dagger hits the raven. You hit the raven. The raven bites! The raven blinds you! It bites! You hit it. It bites! (2x) You miss it. It bites! You write in the dust with your fingers. It bites! You attack thin air. It bites! (2x) The carafe crashes on your head and breaks into shards. You die... Final status: Goodbye oo the Rogue, killed by a thrown potion... You died in The Dungeons of Doom on dungeon level 6 with 34476 points, and 653 pieces of gold, after 2558 moves. You were level 6 with a maximum of 45 hit points when you died.